 Dungeon Crawl Stone Soup version 0.29-a0-360-g8ed1089bbe (webtiles) character file.

Game seed: 15030653303100737546

561 Zeldest the Caller (level 7, -2/66 HPs)
             Began as a Troll Summoner on Apr 28, 2022.
             Slain by a wight
             ... wielding a +2 short sword of freezing
              (5 damage)
             ... on level 7 of the Dungeon.
             The game lasted 00:09:26 (1392 turns).

Zeldest the Caller (Troll Summoner)                 Turns: 1392, Time: 00:09:26

Health: -2/66      AC:  4    Str: 17    XL:     7   Next: 9%
Magic:  9/9        EV: 13    Int: 13    God:
Gold:   77         SH:  0    Dex: 10    Spells: 8/11 levels left

rFire   . . .      SeeInvis .   (no weapon)
rCold   . . .      Faith    .   (no shield)
rNeg    . . .      Spirit   .   a - +0 robe
rPois   .          Reflect  .   (helmet restricted)
rElec   .          Harm     .   (no cloak)
rCorr   .          Rampage  .   (gloves unavailable)
Will    .....                   (boots unavailable)
Stlth   +.........              (no amulet)
HPRegen 1.01/turn               l - +4 ring of evasion
MPRegen 0.11/turn               (no ring)

@: about to teleport
A: large, unfitting armour, claws 3, regeneration 1, shaggy fur 1, tough skin 1
a: no special abilities


You were on level 7 of the Dungeon.
You visited 1 branch of the dungeon, and saw 5 of its levels.

You collected 77 gold pieces.

Inventory:

Armour
 a - a +0 robe (worn)
Jewellery
 l - a +4 ring of evasion (left claw)
Scrolls
 c - a scroll of immolation {unknown}
 d - 2 scrolls of blinking {unknown}
 g - 2 scrolls of amnesia {unknown}
 h - a scroll of enchant weapon {unknown}
 i - 4 scrolls of identify {unknown}
 k - a scroll of torment {unknown}
 m - a scroll of magic mapping {unknown}
Potions
 b - 2 potions of magic
 e - a potion of heal wounds {unknown}
 n - a potion of cancellation {unknown}
Miscellaneous
 j - a phial of floods


   Skills:
 + Level 2.9 Fighting
 + Level 3.2 Maces & Flails
 - Level 1.5 Dodging
 - Level 1.0 Stealth
 + Level 2.6 Spellcasting
 + Level 4.1 Summonings


You had 8 spell levels left.
You knew the following spells:

 Your Spells              Type           Power      Damage    Failure   Level
a - Call Imp              Summ           12%        N/A       7%          2
b - Summon Small Mammal   Summ           48%        N/A       4%          1

Your spell library contained the following spells:

 Spells                   Type           Power      Damage    Failure   Level
 Call Canine Familiar     Summ           12%        N/A       13%         3
 Summon Guardian Golem    Hex/Summ       7%         N/A       30%         3
 Summon Lightning Spire   Summ/Air       7%         N/A       71%         4


Dungeon Overview and Level Annotations

Branches:
Dungeon (4/15)
 Temple: D:4-7

Altars:

Shops:
D:4 !


Innate Abilities, Weirdness & Mutations

You are too large for most types of armour.
You have claws for hands.
Your natural rate of healing is unusually fast.
You are covered in fur. (AC +1)
You have tough skin. (AC +1)


Message History

Okay, then.
As you read the scroll of teleportation, it crumbles to dust.
You feel strangely unstable. The centaur hits you.
The centaur kicks you but does no damage.
The centaur misses you.
The centaur kicks you but does no damage.
The sky beast flickers out of sight!
Deactivating autopickup; reactivate with Ctrl-A.
Something hits you. Something shocks you.
You scratch the centaur.
The centaur is severely wounded.
The centaur hits you.
The centaur kicks you but does no damage.
Something hits you.
* * * LOW HITPOINT WARNING * * *
Something shocks you.
* * * LOW HITPOINT WARNING * * *
You claw the centaur!
You kill the centaur!
You hear a splash.
Your surroundings suddenly seem different.
An iguana and 5 wights come into view.
A wight is wielding a +4 falchion of freezing.
A wight is wielding a +2 short sword of freezing.
Found 22 stones, a runed mace and a scroll labelled JEEPAL BAICS.
You have reached level 7!
As you read the scroll of teleportation, it crumbles to dust.
You feel strangely unstable.
The iguana hisses angrily.
The wight hits you with a +4 falchion of freezing!
* * * LOW HITPOINT WARNING * * *
The wight freezes you.
* * * LOW HITPOINT WARNING * * *
The wight hits you with a +2 short sword of freezing.
* * * LOW HITPOINT WARNING * * *
The wight freezes you.
* * * LOW HITPOINT WARNING * * *
The wight attacks as you move away! The wight barely misses you.
The wight attacks as you move away!
The wight hits you with a +2 short sword of freezing.
You die...

#.....?...#
#.........#
#.........#
#.......).#
#..(......#
#..l..zz..###
#...z..z.....
#..@z......#
##+###.....#
.....# ##.###
.# #


You could see an iguana and 5 wights.

Vanquished Creatures
  A black bear (D:4)
  A centaur (D:7)
  A phantom (D:3)
  A jelly (D:7)
  Jessica (D:2)
  Natasha (D:3)
  4 adders
  A shadow imp (D:7)
  A worm (D:4)
  A dart slug (D:2)
  2 orcs (D:3)
  7 ball pythons
  7 bats
  8 endoplasms
  3 giant cockroaches
  6 goblins
  9 hobgoblins
  3 jackals (D:2)
  4 kobolds
  3 quokkas
  2 frilled lizards
  5 rats
72 creatures vanquished.

Vanquished Creatures (collateral kills)
  A black bear (D:4)
  Robin (D:2)
  An ufetubus (D:4)
  A ball python (D:3)
  An endoplasm (D:2)
  3 goblins (D:2)
  2 hobgoblins (D:3)
  2 bats
  2 kobolds
14 creatures vanquished.

Grand Total: 86 creatures vanquished

Notes
Turn   | Place    | Note
-------+----------+-------------------------------------------
     0 | D:1      | Zeldest the Troll Summoner began the quest for the Orb.
     0 | D:1      | Reached XP level 1. HP: 16/16 MP: 1/1
    63 | D:1      | Reached skill level 3 in Summonings
   165 | D:1      | Reached XP level 2. HP: 24/26 MP: 0/3
   404 | D:2      | Reached skill level 1 in Maces & Flails
   444 | D:2      | Noticed Jessica
   462 | D:2      | Reached XP level 3. HP: 24/32 MP: 0/4
   481 | D:2      | Reached skill level 1 in Fighting
   507 | D:2      | Killed Jessica
   508 | D:2      | Reached XP level 4. HP: 30/41 MP: 0/5
   526 | D:2      | Noticed Robin
   586 | D:2      | Learned a level 2 spell: Call Imp
   682 | D:2      | Killed Robin
   884 | D:3      | Noticed Natasha
   887 | D:3      | Noticed a phantom
   898 | D:3      | Killed Natasha
   899 | D:3      | Reached XP level 5. HP: 35/49 MP: 4/7
   914 | D:3      | Killed a phantom
  1123 | D:4      | Noticed a black bear
  1134 | D:4      | Killed a black bear
  1135 | D:4      | Reached XP level 6. HP: 28/59 MP: 1/8
  1263 | D:4      | Found Emahisa's Distillery.
  1282 | D:4      | Reached skill level 4 in Summonings
  1293 | D:4      | You fall into a shaft and drop 3 floors!
  1381 | D:7      | Noticed a sky beast
  1389 | D:7      | Reached XP level 7. HP: 14/66 MP: 9/9
  1391 | D:7      | HP: 3/66 [wight/+2 short sword of freezing (1)]
  1392 | D:7      | Slain by a wight

Illustrated notes

Levels and vault maps discovered:
D:1:      onia_arrival_pyramid, layout_loops_ring, corexii_hall_statues_i
D:2:      layout_rooms, nrook_mini_vaults, chequers_serial_rivers_micro_e,
          uniq_robin, uniq_jessica
D:3:      layout_loops_cross, minmay_checkerbox, uniq_natasha
D:4:      layout_loops_corners, serial_shops, nicolae_diamond_shop
D:7:      minmay_chambers_of_sixes, layout_basic, grunt_qazlal_clouds,
          dk_noncrumbling_3, chequers_serial_rivers_marsh

Skill      XL: |  1  2  3  4  5  6 |
---------------+-------------------+-----
Summonings     | 3 4 |  4.1
Maces & Flails | 1 2 3 |  3.2
Fighting       | 1 2 |  2.9
Spellcasting   | 2 |  2.6
Dodging        | |  1.5
Stealth        | |  1.0

Action                   |  1- 3 |  4- 6 |  7- 9 || total
-------------------------+-------+-------+-------++-------
Melee: Unarmed           |    95 |   160 |       ||   255
       Punch             |       |     2 |       ||     2
 Cast: Summon Small Mamm |    19 |    14 |       ||    33
       Call Imp          |       |    14 |       ||    14
  Use: Scroll            |       |     2 |     1 ||     3
 Stab: Sleeping          |     2 |     2 |       ||     4
       Distracted        |     1 |       |       ||     1
Armor: Robe              |    55 |    61 |       ||   116
Dodge: Dodged            |    72 |   117 |     1 ||   190

Table legend: (Time is in decaauts)
 A = Elapsed time spent in this place.
 B = Non-inter-level travel time spent in this place.
 C = Inter-level travel time spent in this place.
 D = Time resting spent in this place.
 E = Time spent auto-exploring this place.
 F = Levels seen in this place.
 G = Mean time per level.
                   A        B        C        D        E       F      G
               +--------+--------+--------+--------+--------+-----+--------+
         Total |   1393 |   1393 |      0 |      0 |      0 |   5 |  278.6 |
       Dungeon |   1393 |   1393 |      0 |      0 |      0 |   5 |  278.6 |
               +--------+--------+--------+--------+--------+-----+--------+

Top non-repeatable levels by time:
     D:1: 414 daAuts
     D:3: 342 daAuts
     D:2: 320 daAuts
     D:4: 217 daAuts
     D:7: 98 daAuts
